 Dungeon Crawl Stone Soup version 0.31-a0-196-g86fe4a5e66 (webtiles) character file.

Game seed: 6775472967018981507

189 qw the Skirmisher (level 5, 0/29 HPs)
             Began as a Deep Elf Hunter on June 24, 2023.
             Slain by a gnoll
             ... wielding a +0 halberd
              (5 damage)
             ... on level 4 of the Dungeon.
             The game lasted 00:00:57 (2723 turns).

qw the Skirmisher (Deep Elf Hunter)                 Turns: 2723, Time: 00:00:57

Health: 0/29       AC:  8    Str: 10    XL:     5   Next: 40%
Magic:  7/7        EV: 11    Int: 14    God:
Gold:   121        SH:  0    Dex: 18    Spells: 4/4 levels left

rFire   . . .        Y - +0 shortbow
rCold   . . .        (shield currently unavailable)
rNeg    . . .        g - +0 ring mail
rPois   .            i - +0 helmet
rElec   .            c - +0 cloak
rCorr   .            e - +0 pair of gloves
SInv    .            (no boots)
Will    .....        (no amulet)
Stlth   +            (no ring)
HPRegen 0.24/turn    (no ring)
MPRegen 0.10/turn

%: no passive effects
@: about to teleport
A: no striking features
a: no special abilities


You were on level 4 of the Dungeon.
You visited 1 branch of the dungeon, and saw 4 of its levels.

You collected 179 gold pieces.
You spent 58 gold pieces at shops.


   Skills:
 - Level 1.5 Fighting
 + Level 8.7 Ranged Weapons
 - Level 1.0 Armour
 - Level 2.4 Dodging
 - Level 1.2 Stealth


You had 4 spell levels left.
You didn't know any spells.
Your spell library was empty.

Inventory:

Hand Weapons
 Y - a +0 shortbow (weapon)
Armour
 c - a +0 cloak (worn)
 e - a +0 pair of gloves (worn)
 g - a +0 ring mail (worn)
 i - a +0 helmet (worn)
Potions
 b - a potion of heal wounds
 d - a potion of berserk rage {unknown}
 f - a potion of magic {unknown}
 h - a potion of ambrosia {unknown}
 j - a potion of mutation {unknown}
 l - a potion of lignification {unknown}
 m - a potion of cancellation {unknown}

Dungeon Overview and Level Annotations

Branches:
Dungeon (4/15)
 Temple: D:4-7

Altars:
Sif Muna

Shops:
D:1 [*   D:2 [

Annotations:
D:2 1 runed translucent door, Crazy Yiuf


Message History

You shoot an arrow.
The arrow hits the gnoll but does no damage.
The gnoll hits you but does no damage.
You shoot an arrow. The arrow closely misses the gnoll.
The gnoll hits you with a +0 flail.
You shoot an arrow. The arrow closely misses the gnoll.
The gnoll closely misses you.
You shoot an arrow.
The arrow hits the gnoll but does no damage.
The gnoll completely misses you.
You shoot an arrow. The arrow barely misses the gnoll.
The gnoll hits you but does no damage.
You shoot an arrow. The arrow hits the gnoll.
The gnoll is heavily wounded.
The gnoll barely misses you.
A gnoll comes into view. It is wielding a +0 club.
You shoot an arrow. The arrow closely misses the gnoll.
The gnoll shouts!
The gnoll barely misses you. The gnoll hits you with a +0 flail!
You shoot an arrow.
The arrow hits the gnoll but does no damage.
The gnoll is heavily wounded.
A gnoll comes into view. It is wielding a +0 halberd.
The gnoll hits you with a +0 flail.
You shoot an arrow. The arrow hits the gnoll.
The gnoll is severely wounded.
You shoot an arrow.
The arrow hits the gnoll but does no damage.
A gnoll comes into view. It is wielding a +0 spear.
You shoot an arrow. The arrow closely misses the gnoll.
The gnoll hits you with a +0 flail.
You shoot an arrow. The arrow barely misses the gnoll.
The gnoll misses you. The gnoll closely misses you.
The gnoll hits you with a +0 flail!
2723 ||| READING scroll of teleportation.
As you read the scroll of teleportation, it crumbles to dust.
You feel strangely unstable. The gnoll hits you with a +0 club.
The gnoll hits you from afar with a +0 halberd.
You die...

###..#
#.....
#.....
<#..... #
....... .# #
..)..###.#.#
#..ggg...#
#.@.g...#
#..##.#.#
#..##.#
##....#
#.#..#
#.##.# #%#
.# #.# #
###.#


You could see 4 gnolls.

Vanquished Creatures
  2 orc wizards (D:3)
  A gnoll (D:1)
  4 adders
  3 worms
  2 dart slugs
  8 orcs
  6 endoplasms
  8 goblins
  6 hobgoblins
  2 jackals (D:3)
  7 kobolds
  3 quokkas
  9 ball pythons
  2 bats
  3 frilled lizards
  7 rats
73 creatures vanquished.

Notes
Turn   | Place    | Note
-------+----------+-------------------------------------------
     0 | D:1      | qw the Deep Elf Hunter began the quest for the Orb.
     0 | D:1      | Reached XP level 1. HP: 12/12 MP: 3/3
     0 | D:1      | 0 ||| qw: Version: 0.3-a-9-g12657ce
     0 | D:1      | 0 ||| qw: Game counter: 4802
     0 | D:1      | 0 ||| qw: Always use a shield: true
     0 | D:1      | 0 ||| qw: God list: Okawaru
     0 | D:1      | 0 ||| qw: Allow faded altars: false
     0 | D:1      | 0 ||| qw: Do Orc after D:15 true
     0 | D:1      | 0 ||| qw: Do second Lair branch before Depths: true
     0 | D:1      | 0 ||| qw: Lair rune preference: random
     0 | D:1      | 0 ||| qw: Plans: Normal
     0 | D:1      | 0 ||| PLANNING D:1-11
    63 | D:1      | Found Wercho's Antique Armour Boutique.
    83 | D:1      | Reached skill level 6 in Ranged Weapons
    83 | D:1      | Reached XP level 2. HP: 6/16 MP: 4/4
   159 | D:1      | 159 ||| SHOPLISTING cloak (126 gold, have 8).
   159 | D:1      | 159 ||| SHOPLISTING pitted leather armour (196 gold, have
                  | 8).
   159 | D:1      | 159 ||| SHOPLISTING runed helmet (210 gold, have 8).
   159 | D:1      | 159 ||| SHOPLISTING runed scale mail (196 gold, have 8).
   336 | D:1      | Found Diptar's General Store.
   353 | D:1      | 353 ||| SHOPLISTING +1 pair of gloves of hurling (181 gold,
                  | have 8).
   353 | D:1      | 353 ||| SHOPLISTING potion of might (44 gold, have 8).
   353 | D:1      | 353 ||| SHOPLISTING potion of mutation (88 gold, have 8).
   353 | D:1      | 353 ||| SHOPLISTING scroll of identify (22 gold, have 8).
   407 | D:1      | Found a faded altar of an unknown god.
   950 | D:1      | Reached XP level 3. HP: 20/20 MP: 5/5
  1052 | D:1      | 1052 ||| UPGRADING to +0 pair of gloves.
  1057 | D:1      | 1057 ||| UPGRADING to +0 ring mail.
  1067 | D:1      | 1067 ||| DROPPING +0 leather armour.
  1068 | D:1      | 1068 ||| UPGRADING to +0 helmet.
  1073 | D:1      | 1073 ||| READING scroll labelled QYUZEIKIEM.
  1074 | D:1      | 1074 ||| READING scroll labelled UPTYEKK YTOCI.
  1075 | D:1      | 1075 ||| READING 2 scrolls labelled BET ZACVASALION.
  1076 | D:1      | 1076 ||| READING scroll labelled DINESA CAGAMEOWN.
  1081 | D:1      | 1081 ||| READING scroll labelled GUCVOSTR CYTA.
  1082 | D:1      | 1082 ||| DROPPING scroll of butterflies.
  1083 | D:1      | 1083 ||| DROPPING scroll of fog.
  1211 | D:2      | Reached skill level 7 in Ranged Weapons
  1239 | D:2      | Found a runed translucent door.
  1240 | D:2      | Noticed Crazy Yiuf
  1265 | D:2      | Found Xofuk's Armour Shop.
  1275 | D:2      | 1275 ||| BUYING +0 cloak (58 gold).
  1275 | D:2      | Bought a +0 cloak for 58 gold pieces
  1275 | D:2      | 1275 ||| SHOPLISTING +9 scale mail "Ariy" {Harm rN+ rCorr
                  | Dex-2} (800 gold, have 38).
  1697 | D:2      | Reached XP level 4. HP: 25/25 MP: 6/6
  1842 | D:2      | 1842 ||| UPGRADING to +0 cloak.
  1847 | D:2      | 1847 ||| DRINKING 2 pink potions.
  1848 | D:2      | 1848 ||| DRINKING 2 glowing amethyst potions.
  1849 | D:2      | 1849 ||| DROPPING potion of brilliance.
  1921 | D:3      | Reached skill level 8 in Ranged Weapons
  2100 | D:3      | Reached skill level 1 in Armour
  2160 | D:3      | Reached XP level 5. HP: 29/29 MP: 7/7
  2173 | D:3      | Found a shimmering blue altar of Sif Muna.
  2722 | D:4      | HP: 6/29 [gnoll/+0 flail (7)]
  2723 | D:4      | 2723 ||| READING scroll of teleportation.
  2723 | D:4      | Slain by a gnoll

Levels and vault maps discovered:
D:1:      psy_arrival_radial02, layout_basic, serial_shops,
          nicolae_lakefront_shop, shop, hellmonk_ecumenical_altar_zigzags
D:2:      layout_loops_ring, serial_shops, shop, uniq_crazy_yiuf_cottage
D:3:      layout_basic, mainiacjoe_overflow_boulevard
D:4:      minmay_chambers_of_twos, layout_basic, lemuel_coloured_pillars_altar,
          amcnicky_mini_rare_corridor_liquid, hangedman_decor_growths,
          uniq_blork_the_orc, uniq_edmund

Skill      XL: |  1  2  3  4 |
---------------+-------------+-----
Ranged Weapons | 6 7 8 |  8.7
Armour         | 1 |  1.0
Fighting       | |  1.5
Dodging        | |  2.4
Stealth        | |  1.2

Action                     |  1- 3 |  4- 6 || total
---------------------------+-------+-------++-------
   Fire: Shortbow          |   101 |   120 ||   221
    Use: Scroll            |     5 |     1 ||     6
         Potion            |       |     2 ||     2
 Armour: Leather armour    |     1 |       ||     1
         Ring mail         |    12 |    12 ||    24
  Dodge: Dodged            |    16 |    24 ||    40

Table legend:
 A = Non-vault XP
 B = Vault XP
 C = Vault XP percentage of total XP
 D = Non-vault monster count
 E = Vault monster count
 F = Vault count percentage of total count
                 A         B        C        D         E       F
            +---------+---------+-------+---------+---------+-------
      Total |     271 |       0 |   0.0 |      73 |       0 |   0.0
            +---------+---------+-------+---------+---------+-------
        D:1 |      41 |       0 |   0.0 |      17 |       0 |   0.0
        D:2 |      65 |       0 |   0.0 |      19 |       0 |   0.0
        D:3 |     160 |       0 |   0.0 |      34 |       0 |   0.0
        D:4 |       5 |       0 |   0.0 |       3 |       0 |   0.0
            +---------+---------+-------+---------+---------+-------
